 Dungeon Crawl Stone Soup version 0.28-a0-413-gde365fb1df (webtiles) character file.

Game seed: 3609061995066590949

3 chris0x the Chiller (level 1, -2/13 HPs)
             Began as a Vampire Ice Elementalist on Sept 7, 2021.
             Was an Initiate of Gozag.
             Slain by a quokka (5 damage)
             ... on level 1 of the Dungeon.
             The game lasted 00:01:36 (219 turns).

chris0x the Chiller (Vampire Ice Elementalist)       Turns: 219, Time: 00:01:37

Health: -2/13      AC:  2    Str:  7    XL:     1   Next: 41%
Magic:  2/3        EV: 12    Int: 17    God:    Gozag
Gold:   50         SH:  0    Dex: 14    Spells: 3/4 levels left

rFire   . . .      SeeInvis +   c - +0 dagger
rCold   . . .      Faith    .   (no shield)
rNeg    . . .      Spirit   .   a - +0 robe
rPois   .          Reflect  .   (no helmet)
rElec   .          Harm     .   (no cloak)
rCorr   .          Rampage  .   (no gloves)
Will    .....                   (no boots)
Stlth   ++........              (no amulet)
HPRegen 0.24/turn               (no ring)
MPRegen 0.08/turn               (no ring)

@: healing quickly
A: alive, fangs 3, see invisible, vampiric 1
a: Exsanguinate, Renounce Religion, Potion Petition, Call Merchant, Bribe Branch


You were on level 1 of the Dungeon.
You worshipped Gozag.
Gozag was noncommittal.
You visited 1 branch of the dungeon, and saw 1 of its levels.

You collected 50 gold pieces.

Inventory:

Hand Weapons
 c - a +0 dagger (weapon)
Armour
 a - a +0 robe (worn)
Scrolls
 b - a scroll of identify


   Skills:
 + Level 0.0 Fighting
 + Level 0.0 Short Blades
 + Level 0.0 Armour
 * Level 2.2 Dodging
 * Level 3.0 Stealth
 * Level 2.0 Spellcasting
 * Level 4.1 Ice Magic


You had 3 spell levels left.
You knew the following spells:

 Your Spells              Type           Power      Damage    Failure   Level
a - Freeze                Ice            60%        1d8       3%          1

Your spell library contained the following spells:

 Spells                   Type           Power      Damage    Failure   Level
 Frozen Ramparts          Ice            30%        1d5       11%         3
 Ozocubu's Armour         Ice            15%        N/A       11%         3
 Tukima's Dance           Hex            1%         N/A       50%         3
 Hailstorm                Conj/Ice       8%         3d4       63%         4
 Passage of Golubria      Tloc           N/A        N/A       88%         4
 Yara's Violent Unravell  Hex/Tmut       0%         3d3       99%         5


Dungeon Overview and Level Annotations

Branches:
Dungeon (1/15)

Altars:
Gozag


Innate Abilities, Weirdness & Mutations

Your natural rate of healing is accelerated.
You have razor-sharp teeth.
You have supernaturally acute eyesight. (SInv)
You are afflicted with vampirism.


Message History

d - a scroll labelled DUEHEGOPUF
As you read the scroll labelled DUEHEGOPUF, it crumbles to dust.
A profound silence engulfs you.
It was a scroll of silence.
You open the door.
A quokka comes into view.
There is an open door here.
You cannot cast spells when silenced!
The quokka closely misses you. The quokka barely misses you.
You closely miss the quokka.
The quokka bites you but does no damage.
You hit the quokka but do no damage. The quokka bites you.
You hit the quokka but do no damage. The quokka bites you.
You hit the quokka but do no damage. The quokka barely misses you.
The quokka bites you.
There is an open door here.
You cannot cast spells when silenced!
The quokka closely misses you. The quokka bites you.
The quokka twitches its whiskers.
The quokka bites you.
* * * LOW HITPOINT WARNING * * *
A hobgoblin comes into view.
Found 12 stones.
The quokka misses you.
The quokka twitches its whiskers.
The quokka closely misses you. The quokka barely misses you.
The quokka completely misses you.
Your hearing returns.
Casting: Freeze (safe; 3% risk of failure)
Confirm with . or Enter, or press ? or * to list all spells.
Aiming: Freeze (safe; 3% risk of failure)
Press: ? - help, Shift-Dir - straight line, f - quokka
Aim: a quokka You freeze the quokka.
The quokka is heavily wounded.
The quokka bites you.
* * * LOW HITPOINT WARNING * * *
The quokka bites you.
You die...
Your body crumbles into a pile of gold.

#.....# $ # +.....+..
(...... + #.....#.#
......g .. #.....#.#
....... #.###'####.#
....... #.. #.#
#.##......
####.##.####(.......
................#
#.#####.#@r.......#
........#.........#
###..######...# #..##
#...# # #...# #...# #
g...###### #.#.## #####
# #......# #.#..#
############# #.####.#
#.##.# #...........#
#.###.##.###.⌠.⌠.⌠.⌠.⌠.#


You could see a quokka.

Vanquished Creatures
  A bat (D:1)
  A goblin (D:1)
  A rat (D:1)
3 creatures vanquished.

Notes
Turn   | Place    | Note
-------+----------+-------------------------------------------
     0 | D:1      | chris0x the Vampire Ice Elementalist began the quest for
                  | the Orb.
     0 | D:1      | Reached XP level 1. HP: 13/13 MP: 3/3
    14 | D:1      | Found a faded altar of an unknown god.
    58 | D:1      | Became a worshipper of Gozag Ym Sagoz the Greedy
   219 | D:1      | Slain by a quokka

Illustrated notes

Levels and vault maps discovered:
D:1:      mainiacjoe_arrival_reflecting_pool, layout_basic,
          ebering_ecumenical_altar_webs, serial_shops, nicolae_shop_statue_plus

Action                   || total
-------------------------++-------
Melee: Dagger            ||     4
 Cast: Freeze            ||     5
  Use: Scroll            ||     2
Armor: Robe              ||     3
Dodge: Dodged            ||     9

Table legend: (Time is in decaauts)
 A = Elapsed time spent in this place.
 B = Non-inter-level travel time spent in this place.
 C = Inter-level travel time spent in this place.
 D = Time resting spent in this place.
 E = Time spent auto-exploring this place.
 F = Levels seen in this place.
 G = Mean time per level.
                   A        B        C        D        E       F      G
               +--------+--------+--------+--------+--------+-----+--------+
         Total |    218 |    198 |     20 |      0 |     97 |   1 |  218.0 |
       Dungeon |    218 |    198 |     20 |      0 |     97 |   1 |  218.0 |
               +--------+--------+--------+--------+--------+-----+--------+

Top non-repeatable levels by time:
     D:1: 218 daAuts
